 Dungeon Crawl Stone Soup version 0.21-a0-371-gd56c60c (webtiles) character file.

38 Horrz the Skirmisher (level 3, 0/30 HPs)
             Began as a Demonspawn Abyssal Knight on Oct 16, 2017.
             Was a Believer of Lugonu.
             Succumbed to an adder's poison
             ... on level 2 of the Dungeon.
             The game lasted 00:04:47 (1620 turns).

Horrz the Skirmisher (Demonspawn Abyssal Knight)    Turns: 1620, Time: 00:04:48

Health: 0/30       AC:  3    Str: 12    XL:     3   Next: 25%
Magic:  4/4        EV: 11    Int: 13    God:    Lugonu [**....]
Gold:   43         SH:  0    Dex: 13    Spells: 2/2 levels left

rFire    + . .     SeeInvis .   a - +1 hand axe
rCold    . . .     Gourm    .   (no shield)
rNeg     . . .     Faith    +   b - +0 leather armour
rPois    .         Spirit   .   (no helmet)
rElec    .         Reflect  .   (no cloak)
rCorr    .         Harm     .   (no gloves)
MR       .....                  (no boots)
Stlth    +.........             g - amulet of faith
HPRegen  0.10/turn              (no ring)
MPRegen  0.09/turn              (no ring)

@: lethally poisoned (0 -> -5)
A: claws 1, fire resistance 1
a: Depart the Abyss, Bend Space, Renounce Religion


You were on level 2 of the Dungeon.
You worshipped Lugonu.
Lugonu was pleased with you.
You were not hungry.

You visited 1 branch of the dungeon, and saw 2 of its levels.
You visited the Abyss 1 time.

You collected 43 gold pieces.

Inventory:

Hand Weapons
 a - a +1 hand axe (weapon)
Armour
 b - a +0 leather armour (worn)
Jewellery
 g - an amulet of faith (around neck)
Scrolls
 d - 2 scrolls of remove curse {unknown}
 h - a scroll of identify {unknown}
Comestibles
 c - 2 bread rations
 f - a meat ration


   Skills:
 * Level 3.7 Fighting
 + Level 2.2 Axes
 + Level 2.2 Armour
 - Level 0.8 Dodging
 - Level 2.4 Invocations


You had 2 spell levels left.
You didn't know any spells.

Dungeon Overview and Level Annotations

Branches:
Dungeon (2/15)

Altars:

Annotations:
D:2 Sigmund


Innate Abilities, Weirdness & Mutations

You have sharp fingernails.
Your flesh is heat resistant. (rF+)


Message History

You feel sick. The adder bites you.
* * * LOW HITPOINT WARNING * * *
You feel sick.
You feel sick. The adder closely misses you.
You feel sick. The adder bites you but does no damage.
You feel sick. The adder bites you but does no damage.
You feel sick. The adder misses you.
You feel sick. The adder bites you.
* * * LOW HITPOINT WARNING * * *
You are lethally poisoned!
The adder poisons you!
* * * LOW HITPOINT WARNING * * *
You feel sick.
You aren't carrying any potions.
You die...

######### #.......#
#.#####.# #.# #@#
#{#####.##########
######.#....S.........# +
#......#.#.......###.## .
#.######.#..@###.# #.# .
#......#.#...###.# #.# .
##.####.#.........# #(#
.###.....# #.#.#.#######.#
......##.#...#.#..(......#
.......#.#####.......#####
..####.#.#####..###.##
...............[..#.#
...###..........#.#.#


You could see Sigmund and an adder.

Vanquished Creatures
  A worm (D:1)
  A dart slug (D:1)
  A giant cockroach (D:1)
  5 goblins
  4 hobgoblins (D:1)
  4 jackals (D:1)
  5 kobolds (D:1)
  5 bats (D:1)
  2 frilled lizards (D:1)
  2 rats (D:1)
30 creatures vanquished.

Notes
Turn   | Place    | Note
-------+----------+-------------------------------------------
     0 | Abyss:1  | Horrz the Demonspawn Abyssal Knight began the quest for the Orb.
     0 | Abyss:1  | Reached XP level 1. HP: 18/18 MP: 2/2
     5 | Abyss:1  | Found a corrupted altar of Lugonu.
     9 | D:1      | Escaped the Abyss
   493 | D:1      | Gained mutation: Your flesh is heat resistant. (rF+) [demonic ancestry]
   493 | D:1      | Reached XP level 2. HP: 24/24 MP: 3/3
   807 | D:1      | Gained mutation: You have sharp fingernails. [demonic ancestry]
   807 | D:1      | Reached XP level 3. HP: 16/29 MP: 4/4
  1125 | D:1      | Reached ** piety under Lugonu
  1585 | D:2      | Noticed Sigmund
  1618 | D:2      | HP: 1/30 [poisoned by an adder]
  1620 | D:2      | Succumbed to an adder's poison

Vault maps used:
D:1:      dpeg_arrival_circle_labyrinth_c
D:2:      xom_teletrap_fun, uniq_sigmund

Skill      XL: |  1 |
---------------+----+-----
Axes           | 2 |  2.2
Armour         | 2 |  2.2
Fighting       | |  3.7
Dodging        | |  0.8
Invocations    | |  2.4

Action                   || total
-------------------------++-------
Melee: Hand axe          ||   101
  Use: Potion            ||     1
  Eat: Chunk             ||     2
Armor: Leather armour    ||    40
Dodge: Dodged            ||    76

Table legend:
 A = Spawn XP
 B = Non-spawn XP
 C = Spawn XP percentage of total XP
 D = Spawn monster count
 E = Non-spawn monster count
 F = Spawn count percentage of total count
 G = Total turns spent on level
                    A         B        C        D         E        F      G
               +---------+---------+-------+---------+---------+-------+---------
         Total |       0 |      55 |   0.0 |       0 |      30 |   0.0 |  1620
               +---------+---------+-------+---------+---------+-------+---------
           D:1 |       0 |      53 |   0.0 |       0 |      29 |   0.0 |  1495
           D:2 |       0 |       2 |   0.0 |       0 |       1 |   0.0 |   116
               +---------+---------+-------+---------+---------+-------+---------
